 Dungeon Crawl Stone Soup version 0.18.1-50-g88ac8fd (webtiles) character file.

1208 nikopol the Chopper (level 8, -3/71 HPs)
             Began as a Hill Orc Berserker on Oct 16, 2016.
             Was an Elder of Trog.
             Slain by a hound (4 damage)
             ... on level 6 of the Dungeon.
             The game lasted 00:16:21 (5689 turns).

nikopol the Chopper (Hill Orc Berserker)            Turns: 5689, Time: 00:16:21

Health: -3/71      AC: 17    Str: 21    XL:     8   Next: 45%
Magic:  8/8        EV:  9    Int:  7    God:    Trog [****..]
Gold:   291        SH:  0    Dex: 11    Spells: 0 memorised, 7 levels left

rFire  + . .     SeeInvis .     a - +0 hand axe
rCold  . . .     Gourm    .     s - +4 chain mail "Muteutoz" {rF+}
rNeg   . . .     Faith    .     (no shield)
rPois  .         Spirit   .     t - +1 hat
rElec  .         Dismiss  .     (no cloak)
rCorr  .         Reflect  .     (no gloves)
SustAt .         Harm     .     x - +1 pair of boots
MR     .....                    (no amulet)
Stlth  ..........               (no ring)
                                (no ring)

@: exhausted, slowed, very slow, not resistant to hostile enchantments,
extremely unstealthy
A: no striking features
a: Berserk, Trog's Hand, Brothers in Arms, Burn Spellbooks, Renounce Religion


You were on level 6 of the Dungeon.
You worshipped Trog.
Trog was greatly pleased with you.
You were very hungry.

You visited 1 branch of the dungeon, and saw 6 of its levels.

You collected 291 gold pieces.

Inventory:

Hand Weapons
 a - a +0 hand axe (weapon)
Missiles
 e - 60 arrows (quivered)
Armour
 b - a +0 animal skin
 f - a +0 chain mail
 j - a +0 scale mail
 s - the +4 chain mail "Muteutoz" (worn) {rF+}
   (You found it on level 4 of the Dungeon)

   It protects you from fire.
 t - a +1 hat (worn)
 x - a +1 pair of boots (worn)
Wands
 u - a wand of flame (35/48)
Scrolls
 d - 3 scrolls of teleportation
 g - 5 scrolls of identify
 n - 4 scrolls of remove curse
 q - a scroll of enchant weapon {unknown}
 v - a scroll of recharging {unknown}
 y - a scroll of fog {unknown}
Potions
 h - a potion of ambrosia
 i - 2 potions of mutation {unknown}
 l - 2 potions of might {unknown}
 p - 3 potions of curing {unknown}
 r - a potion of resistance {unknown}
 w - 2 potions of haste {unknown}
 z - a potion of magic {unknown}
 B - a potion of agility {unknown}
Comestibles
 c - 2 bread rations
 k - 7 fruits
 m - a slice of pizza
 o - a meat ration
 A - a chunk of flesh


   Skills:
 + Level 6.9 Fighting
 + Level 7.6 Axes
 + Level 5.7 Armour
 + Level 4.3 Dodging


You had 7 spell levels left.
You didn't know any spells.

Dungeon Overview and Level Annotations

Branches:
Dungeon (6/15)
 Temple: D:4-7

Altars:
Ashenzari
Dithmenos
Pakellas
Ru


Message History

Your chain mail "Muteutoz" prevents you from hitting the hound.
The hound is severely wounded.
The hound barely misses you. The shadow imp gestures at you.
You struggle to resist.
The hound bites you but does no damage. The ogre hits you with a giant club.
* * * LOW HITPOINT WARNING * * *
You closely miss the ogre.
The ogre is almost dead.
You barely miss the hound.
The hound is severely wounded.
You hit the shadow imp.
The shadow imp is lightly wounded.
The hound bites you.
* * * LOW HITPOINT WARNING * * *
The shadow imp gestures at you.
You struggle to resist.
The hound bites you but does no damage. The ogre hits you but does no damage.
The shadow imp barely misses you. The hound bites you.
You die...

##..#######
##.......#.)......
##......#.......#
###
#......#.......##...
##.....#.......#._#
#..####..........##
#...# #............
##..###.....5..#.##
#........@hO......
##.###.......$....
#.#.......##.#.##
#.#..........#
#.#.......##.#
#.#(......# ..
#.#.......# .
#.#.......#
###+#.....


You could see an ogre, a hound and a shadow imp.

Vanquished Creatures
  Edmund (D:6)
  2 ice beasts (D:5)
  A phantom (D:5)
  An ogre (D:5)
  Blork the orc (D:6)
  A giant frog (D:5)
  A scorpion (D:5)
  2 howler monkeys
  2 crimson imps (D:5)
  2 hounds
  3 orc wizards
  An orc priest (D:5)
  A giant frog skeleton (D:5)
  Terence (D:3)
  A hound zombie (D:5)
  A hound skeleton (D:6)
  8 adders
  An ooze (D:1)
  An adder skeleton (D:5)
  2 worms
  2 dart slugs
  5 giant geckos
  12 orcs
  2 ball pythons
  3 giant cockroaches
  10 goblins
  9 hobgoblins
  8 jackals
  2 quokkas (D:4)
  7 bats
  7 giant newts
  A jackal skeleton (D:5)
  4 kobolds
  7 rats
113 creatures vanquished.

Notes
Turn   | Place    | Note
--------------------------------------------------------------
     0 | D:1      | nikopol the Hill Orc Berserker began the quest for the Orb.
     0 | D:1      | Reached XP level 1. HP: 19/19 MP: 1/1
    72 | D:1      | Reached XP level 2. HP: 17/27 MP: 2/2
   810 | D:1      | Reached XP level 3. HP: 33/33 MP: 3/3
  1198 | D:1      | Reached ** piety under Trog
  1532 | D:2      | Reached XP level 4. HP: 17/40 MP: 4/4
  2031 | D:2      | Found an oddly glowing altar of Pakellas.
  2418 | D:3      | Noticed Terence
  2425 | D:3      | Killed Terence
  2425 | D:3      | Reached XP level 5. HP: 47/47 MP: 5/5
  2428 | D:3      | Reached skill level 5 in Axes
  2563 | D:3      | Found a shadowy altar of Dithmenos.
  2631 | D:3      | Reached *** piety under Trog
  3121 | D:4      | Got a jewelled chain mail
  3287 | D:4      | Identified the +4 chain mail "Muteutoz" {rF+} (You found it on level 4 of the Dungeon)
  3347 | D:4      | Reached skill level 5 in Fighting
  3347 | D:4      | Reached XP level 6. HP: 36/56 MP: 6/6
  4200 | D:5      | Entered Level 5 of the Dungeon
  4210 | D:5      | Found a shattered altar of Ashenzari.
  4492 | D:5      | Noticed a phantom
  4567 | D:5      | Noticed an ice beast
  4570 | D:5      | Killed a phantom
  4570 | D:5      | Reached skill level 6 in Axes
  4570 | D:5      | Reached XP level 7. HP: 61/61 MP: 7/7
  4828 | D:5      | Reached skill level 5 in Armour
  5240 | D:5      | Reached skill level 7 in Axes
  5240 | D:5      | Reached XP level 8. HP: 55/71 MP: 8/8
  5505 | D:6      | Reached **** piety under Trog
  5564 | D:6      | Noticed Blork the orc
  5575 | D:6      | Killed Blork the orc
  5662 | D:6      | Found a sacrificial altar of Ru.
  5662 | D:6      | Noticed Edmund
  5678 | D:6      | Killed Edmund
  5688 | D:6      | HP: 1/71 [hound (3)]
  5689 | D:6      | Slain by a hound

Skill      XL: |  1  2  3  4  5  6  7  8 |
---------------+-------------------------+-----
Fighting       | 4 5 6 |  6.9
Dodging        | 2 3 4 |  4.3
Armour         | 3 4 5 |  5.7
Axes           | 5 6 7 |  7.6

Action                   |  1- 3 |  4- 6 |  7- 9 || total
-------------------------+-------+-------+-------++-------
Melee: Hand axe          |   127 |   356 |   185 ||   668
Invok: Berserk           |       |     2 |     2 ||     4
       Burn Spellbooks   |       |     1 |       ||     1
  Use: Scroll            |       |     3 |       ||     3
  Eat: Chunk             |     2 |    12 |     5 ||    19
Armor: Animal skin       |    12 |       |       ||    12
       Chain mail        |    26 |   125 |   112 ||   263
       Scale mail        |    21 |    72 |       ||    93
Dodge: Dodged            |    80 |   163 |    92 ||   335
